 Dungeon Crawl Stone Soup version 0.29.1 (webtiles) character file.

Game seed: 16847271857951182716

441 Sanktem7 the Chopper (level 6, -9/60 HPs)
             Began as a Minotaur Berserker on Sept 13, 2022.
             Was an Elder of Trog.
             Mangled by an ogre
             ... wielding a +0 giant club
              (20 damage)
             ... on level 5 of the Dungeon.
             The game lasted 00:13:50 (4989 turns).

Sanktem7 the Chopper (Minotaur Berserker)           Turns: 4989, Time: 00:13:51

Health: -9/60      AC:  8    Str: 24    XL:     6   Next: 70%
Magic:  5/5        EV:  8    Int:  4    God:    Trog [****..]
Gold:   336        SH:  5    Dex:  9    Spells: 5/5 levels left

rFire   . . .      SeeInvis +   b - +1 hand axe of the Holding Gods {vorpal, Fragile rC+ rN+++ SInv}
rCold   + + .      Faith    .   (no shield)
rNeg    + + +      Spirit   .   f - +0 chain mail
rPois   .          Reflect  +   (helmet restricted)
rElec   .          Harm     .   (no cloak)
rCorr   .          Rampage  .   (no gloves)
Will    .....                   (no boots)
Stlth   ..........              i - amulet of reflection
HPRegen 0.20/turn               s - ring of protection from cold
MPRegen 0.09/turn               (no ring)

@: no status effects
A: horns 2, retaliatory headbutt
a: Renounce Religion, Berserk, Trog's Hand, Brothers in Arms


You were on level 5 of the Dungeon.
You worshipped Trog.
Trog was greatly pleased with you.
You visited 1 branch of the dungeon, and saw 5 of its levels.
You also visited: Sewer.

You collected 336 gold pieces.

Inventory:

Hand Weapons
 a - a +1 hand axe
 b - the +1 hand axe of the Holding Gods (weapon) {vorpal, Fragile rC+ rN+++ SInv}
   (You acquired it on level 2 of the Dungeon)

   It inflicts extra damage upon your enemies.
   rC:        It protects you from cold.
   rN:        It renders you almost immune to negative energy.
   SInv:      It lets you see invisible.
   Fragile:   It will be destroyed if unequipped.
Missiles
 l - 2 boomerangs (quivered)
Armour
 f - a +0 chain mail (worn)
 j - the +1 leather armour "Satol" {rElec rPois Regen+}
   (You found it on level 3 of the Dungeon)

   rElec:     It insulates you from electricity.
   rPois:     It protects you from poison.
   Regen:     It increases your rate of health regeneration.
Jewellery
 i - an amulet of reflection (around neck)
 s - a ring of protection from cold (left hand)
Scrolls
 n - 2 scrolls of noise
 o - 2 scrolls of teleportation
 p - a scroll of identify
 q - a scroll of butterflies
 r - a scroll of enchant weapon
 u - a scroll of vulnerability {unknown}
Potions
 c - a potion of mutation {unknown}
 d - 3 potions of degeneration
 e - a potion of ambrosia {unknown}
 g - 4 potions of flight
 h - 3 potions of brilliance {unknown}
 k - 3 potions of curing
 m - 2 potions of magic
 t - a potion of might {unknown}


   Skills:
 * Level 7.0 Fighting
 * Level 7.0 Axes
 - Level 2.4 Armour
 - Level 2.1 Dodging


You had 5 spell levels left.
You didn't know any spells.
Your spell library was empty.

Dungeon Overview and Level Annotations

Branches:
Dungeon (5/15)              Sewer (visited)
 Temple: D:4-7

Altars:
Zin

Shops:
D:3 (

Annotations:
D:5 1 runed translucent door, Crazy Yiuf


Innate Abilities, Weirdness & Mutations

You have a pair of horns on your head.
You reflexively headbutt those who attack you in melee.


Message History

The ogre is severely wounded.
The ogre hits you with a +0 giant club!!
You hit the ogre.
The ogre is almost dead.
The ogre hits you with a +0 giant club!!
You are too injured to fight recklessly!
You are too injured to fight recklessly!
You are too injured to fight recklessly!
You are too injured to fight recklessly!
You are too injured to fight recklessly!
You are too injured to fight recklessly!
You are too injured to fight recklessly!
You are too injured to fight recklessly!
You are too injured to fight recklessly!
You are too injured to fight recklessly!
You are too injured to fight recklessly!
You are too injured to fight recklessly!
You are too injured to fight recklessly!
You are too injured to fight recklessly!
You are too injured to fight recklessly!
You are too injured to fight recklessly!
You are too injured to fight recklessly!
You are too injured to fight recklessly!
You are too injured to fight recklessly!
You are too injured to fight recklessly!
The jackal attacks as you move away! The jackal bites you.
You block the jackal's attack.
The jackal bites you but does no damage.
The jackal bites you but does no damage.
The jackal bites you but does no damage.
The jackal attacks as you move away! The jackal barely misses you.
You furiously retaliate!
You headbutt the jackal.
You kill the jackal!
Trog accepts your kill. The ogre attacks as you move away!
The ogre hits you with a +0 giant club!
* * * LOW HITPOINT WARNING * * *
You hit the ogre.
The ogre is almost dead.
The ogre hits you with a +0 giant club!!
You die...

###...#... #...#####♣ #.#.#
##...###### #######...#......
#########........##......
#...##....####....#......
#$......#.# #...>#......
###....O@.####....#......
#....###................
#..#.####...#...........
#..#...##.#.##.##.#.)...
................##.).....
..................))...)...
.......(............#.#......
....................#........
..............<.†.......<....


You could see an ogre.

Vanquished Creatures
  Blork the orc (D:5)
  2 hounds
  9 adders
  7 gnolls
  3 river rats (Sewer)
  An ufetubus (D:4)
  5 worms (Sewer)
  3 dart slugs
  7 orcs
  13 ball pythons
  6 endoplasms
  6 giant cockroaches
  6 goblins
  9 hobgoblins
  10 jackals
  A quokka (D:4)
  10 bats
  3 frilled lizards
  7 kobolds
  5 rats
114 creatures vanquished.

Notes
Turn   | Place    | Note
-------+----------+-------------------------------------------
     0 | D:1      | Sanktem7 the Minotaur Berserker began the quest for the
                  | Orb.
     0 | D:1      | Reached XP level 1. HP: 19/19 MP: 0/0
   403 | D:1      | Reached XP level 2. HP: 24/27 MP: 1/1
   648 | D:1      | Found a faded altar of an unknown god.
  1035 | D:1      | Reached XP level 3. HP: 33/34 MP: 2/2
  1048 | D:1      | Reached ** piety under Trog
  2235 | D:2      | Identified a scroll of acquirement
  2235 | D:2      | Acquired the +1 hand axe of the Holding Gods {vorpal,
                  | Fragile rC+ rN+++ SInv}
  2379 | D:3      | Found a glowing silver altar of Zin.
  2394 | D:3      | Reached XP level 4. HP: 41/41 MP: 3/3
  2400 | D:3      | Reached skill level 5 in Fighting
  2400 | D:3      | Reached skill level 5 in Axes
  2401 | D:3      | Identified the +1 leather armour "Satol" {rElec rPois
                  | Regen+}
  2446 | D:3      | Found Ocoutim's Weapon Boutique.
  2814 | D:4      | Found a glowing drain.
  2829 | Sewer    | Entered a sewer
  2844 | Sewer    | Reached XP level 5. HP: 42/48 MP: 4/4
  2880 | Sewer    | Reached *** piety under Trog
  4370 | D:4      | Reached XP level 6. HP: 49/57 MP: 5/5
  4395 | D:4      | Reached **** piety under Trog
  4743 | D:5      | Entered Level 5 of the Dungeon
  4743 | D:5      | Noticed Blork the orc
  4750 | D:5      | Killed Blork the orc
  4944 | D:5      | Found a runed translucent door.
  4945 | D:5      | Noticed Crazy Yiuf
  4989 | D:5      | Mangled by an ogre

Illustrated notes

Levels and vault maps discovered:
D:1:      dpeg_arrival_tiny_i, layout_basic, ebering_ecumenical_altar_petrified,
          hex_intersection, minmay_indecisive_spiral
D:2:      layout_loops_corners, serial_rivers, chequers_serial_rivers_micro_b,
          chequers_serial_rivers_large_b, chequers_serial_rivers_micro_c,
          chequers_serial_rivers_micro_a, chequers_serial_rivers_micro_c
D:3:      layout_basic, amcnicky_altar_gilded, serial_shops,
          nicolae_shop_bloodbath_and_beyond
D:4:      layout_basic, portal_sewer_entry_a
D:5:      layout_rooms, uniq_crazy_yiuf_cottage, uniq_blork_the_orc, uniq_pikel

Skill      XL: |  1  2  3  4  5  6 |
---------------+-------------------+-----
Fighting       | 4 5 6 7 |  7.0
Axes           | 4 5 6 7 |  7.0
Armour         | |  2.4
Dodging        | |  2.1

Action                   |  1- 3 |  4- 6 || total
-------------------------+-------+-------++-------
Melee: Hand axe          |    85 |   198 ||   283
       Headbutt          |    14 |    24 ||    38
       Punch             |     1 |     1 ||     2
Throw: Boomerang         |       |    10 ||    10
  Use: Scroll            |     4 |     4 ||     8
Armor: Animal skin       |     8 |       ||     8
       Leather armour    |     9 |       ||     9
       Chain mail        |     2 |   114 ||   116
Dodge: Dodged            |    53 |    74 ||   127
Block: Other             |    15 |    42 ||    57
